 Dungeon Crawl Stone Soup version 0.21.0 (webtiles) character file.

107 Llamajah the Chopper (level 4, -1/41 HPs)
             Began as a Hill Orc Berserker on June 3, 2018.
             Was a Believer of Trog.
             Succumbed to a kobold's poison
             ... on level 3 of the Dungeon.
             The game lasted 00:04:04 (1961 turns).

Llamajah the Chopper (Hill Orc Berserker)           Turns: 1961, Time: 00:04:04

Health: -1/41      AC: 13    Str: 20    XL:     4   Next: 85%
Magic:  4/4        EV:  8    Int:  7    God:    Trog [**....]
Gold:   65         SH:  0    Dex: 10    Spells: 3/3 levels left

rFire    + . .     SeeInvis .   a - +0 hand axe
rCold    . . .     Gourm    .   (no shield)
rNeg     . . .     Faith    .   j - +4 chain mail {rF+}
rPois    .         Spirit   .   (no helmet)
rElec    .         Reflect  .   (no cloak)
rCorr    .         Harm     .   (no gloves)
MR       .....                  (no boots)
Stlth    ..........             (no amulet)
HPRegen  0.13/turn              (no ring)
MPRegen  0.09/turn              (no ring)

@: lethally poisoned (-1 -> -32), berserk cooldown, slowed, very slow
A: no striking features
a: Berserk, Trog's Hand, Burn Spellbooks, Renounce Religion


You were on level 3 of the Dungeon.
You worshipped Trog.
Trog was pleased with you.
You were hungry.

You visited 1 branch of the dungeon, and saw 3 of its levels.

You collected 65 gold pieces.

Inventory:

Hand Weapons
 a - a +0 hand axe (weapon)
Armour
 b - a +0 animal skin
 j - a +4 chain mail of fire resistance (worn)
Scrolls
 d - a scroll of teleportation {unknown}
 f - 3 scrolls of immolation {unknown}
 i - 3 scrolls of identify {unknown}
 l - a scroll of enchant weapon {unknown}
 n - a scroll of noise {unknown}
Potions
 e - 2 potions of brilliance {unknown}
 g - a potion of mutation {unknown}
 h - 2 potions of heal wounds {unknown}
 k - a potion of lignification {unknown}
 m - a potion of curing {unknown}
Comestibles
 c - 3 rations


   Skills:
 + Level 4.4 Fighting
 + Level 4.7 Axes
 * Level 3.7 Armour
 + Level 2.2 Dodging


You had 3 spell levels left.
You didn't know any spells.

Dungeon Overview and Level Annotations

Branches:
Dungeon (3/15)

Altars:
Qazlal


Message History

The kobold unwields an uncursed blowgun.
The kobold wields an uncursed dagger.
The kobold hits you but does no damage.
You slash the kobold!
You kill the kobold!
Trog accepts your kill.
* * * LOW HITPOINT WARNING * * *
You feel sick.
* * * LOW HITPOINT WARNING * * *
You feel sick.
Things that are here:
an uncursed dagger; an uncursed blowgun; 12 poisoned needles You feel a strong urge to attack something.
You are no longer berserk.
You are exhausted.
You feel yourself slow down.
* * * LOW HITPOINT WARNING * * *
You feel sick.
* * * LOW HITPOINT WARNING * * *
You feel very sick.
You die...

#####
##(..##
##.<...##
#..(...(#
#...)...#
#.$.<...#
##@....##
##.)...##
#.......#
#.......#
#.......#
##.....##
##...##
....#
#...#


There were no monsters in sight!

Vanquished Creatures
  Terence (D:2)
  A gnoll (D:2)
  An adder (D:2)
  2 worms (D:2)
  4 dart slugs
  A leopard gecko (D:2)
  An orc (D:3)
  6 bats
  3 giant cockroaches
  6 goblins
  5 hobgoblins
  6 kobolds
  2 quokkas (D:2)
  A frilled lizard (D:1)
  7 rats
47 creatures vanquished.

Vanquished Creatures (others)
  4 toadstools (D:1)
4 creatures vanquished.

Grand Total: 51 creatures vanquished

Notes
Turn   | Place    | Note
-------+----------+-------------------------------------------
     0 | D:1      | Llamajah the Hill Orc Berserker began the quest for the Orb.
     0 | D:1      | Reached XP level 1. HP: 19/19 MP: 1/1
   109 | D:1      | Reached XP level 2. HP: 26/27 MP: 2/2
   711 | D:2      | Reached XP level 3. HP: 29/33 MP: 3/3
   820 | D:2      | Reached ** piety under Trog
  1034 | D:2      | Found a stormy altar of Qazlal.
  1172 | D:2      | Noticed Terence
  1196 | D:2      | Killed Terence
  1196 | D:2      | Reached XP level 4. HP: 20/40 MP: 4/4
  1961 | D:3      | Succumbed to a kobold's poison

Skill      XL: |  1  2  3 |
---------------+----------+-----
Armour         | 3 |  3.7
Fighting       | 4 |  4.4
Dodging        | 2 |  2.2
Axes           | |  4.7

Action                   |  1- 3 |  4- 6 || total
-------------------------+-------+-------++-------
Melee: Hand axe          |   108 |    61 ||   169
Invok: Berserk           |     2 |     1 ||     3
 Stab: Sleeping          |     2 |       ||     2
  Eat: Chunk             |     1 |     1 ||     2
       Ration            |       |     1 ||     1
Armor: Animal skin       |    27 |       ||    27
       Chain mail        |       |    31 ||    31
Dodge: Dodged            |    68 |    20 ||    88
